 Dungeon Crawl Stone Soup version 0.29-a0-275-g389c0b56f3 (webtiles) character file.

Game seed: 15206069691217704366

798 spaghetti the Charlatan (level 8, -12/56 HPs)
             Began as a Formicid Earth Elementalist on Mar 11, 2022.
             Was an Initiate of Cheibriados.
             Mangled by a two-headed ogre
             ... wielding a +0 giant club
              (30 damage)
             ... on level 8 of the Dungeon.
             The game lasted 00:07:56 (4969 turns).

spaghetti the Charlatan (FoEE)                      Turns: 4969, Time: 00:07:57

Health: -12/56     AC:  3    Str: 16    XL:     8   Next: 13%
Magic:  0/11       EV: 12    Int: 16    God:    Cheibriados [......]
Gold:   170        SH:  0    Dex: 12    Spells: 10/11 levels left

rFire   . . .      SeeInvis +   m - +9 dagger of Sequestration {flame, rElec rC- Will+, @e2short}
rCold   x . .      Faith    .   (no shield)
rNeg    . . .      Spirit   +   b - +1 robe
rPois   .          Reflect  .   (helmet unavailable)
rElec   +          Harm     .   (no cloak)
rCorr   .          Rampage  .   (no gloves)
Will    +....                   (no boots)
Stlth   ++........              l - amulet of guardian spirit
HPRegen 0.18/turn               (no ring)
MPRegen 0.12/turn               (no ring)

@: very slow
A: permanent stasis, dig shafts and tunnels, antennae 3, four strong arms
a: Dig, Shaft Self, Renounce Religion


You were on level 8 of the Dungeon.
You worshipped Cheibriados.
Cheibriados was noncommittal.
You visited 2 branches of the dungeon, and saw 7 of its levels.

You collected 198 gold pieces.
You spent 28 gold pieces at shops.


Innate Abilities, Weirdness & Mutations

You cannot be hasted, slowed, berserked, paralysed or teleported.
You can dig through walls and to a lower floor.
You have a pair of large antennae on your head. (SInv)
Your four strong arms can wield two-handed weapons with a shield.


   Skills:
 - Level 1.9 Fighting
 + Level 5.9 Maces & Flails
 - Level 1.7 Dodging
 - Level 2.4 Stealth
 - Level 2.1 Spellcasting
 - Level 1.1 Transmutations
 - Level 3.6 Earth Magic
 + Level 5.9 Evocations


You had 10 spell levels left.
You knew the following spells:

 Your Spells              Type           Power      Damage    Failure   Level
a - Sandblast             Erth           26%        2d8       4%          1

Your spell library contained the following spells:

 Spells                   Type           Power      Damage    Failure   Level
 Passwall                 Tmut/Erth      7%         N/A       12%         2
 Stone Arrow              Conj/Erth      14%        3d7       28%         3
 Tukima's Dance           Hex            1%         N/A       52%         3
 Petrify                  Tmut/Erth      9%         N/A       61%         4
 Anguish                  Hex/Necr       0%         N/A       90%         4
 Metabolic Englaciation   Hex/Ice        0%         N/A       99%         5
 Statue Form              Tmut/Erth      6%         N/A       100%        6
 Enfeeble                 Hex            0%         N/A       100%        7

Inventory:

Hand Weapons
 e - a +0 short sword {short}
   (You took it off a kobold on level 1 of the Dungeon)
 h - a +0 dagger {short}
   (You took it off a goblin on level 1 of the Dungeon)
 i - a +0 whip {mace}
   (You took it off a kobold on level 1 of the Dungeon)
 j - a +0 whip of holy wrath {mace}
   (You took it off a kobold on level 1 of the Dungeon)
 m - the +9 dagger of Sequestration (weapon) {flame, rElec rC- Will+, @e2short}
   (You found it on level 2 of the Dungeon)

   It burns those it strikes, dealing additional fire damage.
   rC:        It makes you vulnerable to cold.
   rElec:     It insulates you from electricity.
   Will:      It increases your willpower.
Missiles
 o - 110 stones {throwing}
 r - 5 boomerangs {throwing}
Armour
 b - a +1 robe (worn)
Jewellery
 d - a ring of ice
   (You found it on level 1 of the Dungeon)
 l - an amulet of guardian spirit (around neck)
   (You found it on level 1 of the Dungeon)
Wands
 a - a wand of polymorph (33)
   (You took it off Natasha on level 3 of the Dungeon)
 k - a wand of iceblast (7)
   (You found it on level 8 of the Dungeon)
 s - a wand of acid (20)
   (You took it off Ijyb on level 3 of the Dungeon)
Scrolls
 f - a scroll of blinking {!r}
 p - 3 scrolls of teleportation {@r4}
 q - a scroll of magic mapping {!r}
Potions
 c - a potion of magic
 g - a potion of flight
 n - 2 potions of berserk rage {!q}

Dungeon Overview and Level Annotations

Branches:
Dungeon (5/15)             Temple (1/1) D:4

Altars:
Ashenzari
Cheibriados
Dithmenos
Elyvilon
Fedhas
Gozag
Hepliaklqana
Nemelex Xobeh
Okawaru
Ru
Trog
Uskayaw
Vehumet
Wu Jian
Xom
Zin
The Shining One

Shops:
D:2 **==[ D:3

( ### ##.## #
#####.#.## #
##....###.###
######....## ##...
#@.........###.###
#O####......#.## #
#.# ##...##.## #
... ######## #
.... #..... #...#.
.....#.. .....#...


You could see a two-headed ogre.


Message History

An adder is nearby!
An adder is nearby!
No target in range!
No target in range!
No target in range!
The blast of sand hits the adder.
The adder hisses angrily. 😎 MP[-1]
You lost 1 mp, and now have 10/11 mp.
You puncture the adder! You burn the adder.
You kill the adder!
Cheibriados thoroughly appreciates the change of pace.
You sense a monster nearby. 😎 MP[+1]
Your mp is fully restored (11).
A phantom comes into view.
A phantom is nearby!
A phantom is nearby!
No target in range!
The blast of sand hits the phantom but does no damage. 😎 MP[-1]
You lost 1 mp, and now have 10/11 mp.
You hit the phantom. You burn the phantom.
The phantom hits you! 😕 HP[-6] MP[-2]
You take 6 damage, and now have 50/56 hp.
You lost 2 mp, and now have 8/11 mp.
You closely miss the phantom. The phantom misses you. 😕 HP[+1]
You hit the phantom. You burn the phantom. The phantom barely misses you.
You closely miss the phantom.
The phantom hits you but does no damage.
You hit the phantom. You burn the phantom. You punch the phantom.
The phantom hits you but does no damage.
You puncture the phantom! You burn the phantom. The phantom barely misses you.
You hit the phantom. You burn the phantom.
You destroy the phantom!
Cheibriados appreciates the change of pace. 😕 HP[+1] No target in view!
No target in view!
No target in view!
No target in view!
No target in view!
No target in view!
No target in view!
No target in view!
No target in view!
No target in view!
No target in view!
No target in view!
No target in view!
Key pressed, stopping explore.
s - a wand of acid (20) (gained 14 charges)
A black bear comes into view. 😎 HP[+4] MP[+3]
Your hp is fully restored (56).
Your mp is fully restored (11).
A black bear is nearby!
A black bear is nearby!
No target in range!
A sourceless malevolence fills the Dungeon...
You fall into a shaft and drop 3 floors!
The shaft crumbles and collapses.
Unknown command.
Unknown command.
Unknown command.
k - a wand of iceblast (7) Key pressed, stopping explore.
Found a stone staircase leading down.
You sense a monster nearby.
A two-headed ogre comes into view. It is wielding two +0 giant clubs.
The two-headed ogre shouts in stereo!
The blast of sand hits the two-headed ogre. 😎 MP[-1]
You lost 1 mp, and now have 10/11 mp.
The blast of sand hits the two-headed ogre but does no damage. 😎 MP[-1]
You lost 1 mp, and now have 9/11 mp.
You hit the two-headed ogre. You burn the two-headed ogre.
The two-headed ogre hits you with a +0 giant club!!
The two-headed ogre hits you with a +0 giant club!
* * * LOW HITPOINT WARNING * * *
You are too injured to fight recklessly!
You are too injured to fight recklessly!
You are too injured to fight recklessly!
You are too injured to fight recklessly! 😨 HP[-39] MP[-6]
You take 39 damage, and now have 17/56 hp.
MASSIVE DAMAGE!! (PAUSE)
You lost 6 mp, and now have 3/11 mp.
Okay, then.
Okay, then.
Okay, then.
You hit the two-headed ogre. You burn the two-headed ogre.
You hit the two-headed ogre. You burn the two-headed ogre.
The two-headed ogre barely misses you. x2 😨 HP[+1]
You puncture the two-headed ogre! You burn the two-headed ogre.
The two-headed ogre hits you with a +0 giant club!!
Ouch! That really hurt!
You die...

Skill      XL: |  1  2  3  4  5  6  7 |
---------------+----------------------+-----
Fighting       | 1 |  1.9
Maces & Flails | 1 2 3 4 5 |  5.9
Evocations     | 1 2 3 4 5 |  5.9
Dodging        | |  1.7
Stealth        | |  2.4
Spellcasting   | |  2.1
Transmutations | |  1.1
Earth Magic    | |  3.6

Action                   |  1- 3 |  4- 6 |  7- 9 || total
-------------------------+-------+-------+-------++-------
Melee: Unarmed           |    26 |       |       ||    26
       Whip              |    43 |       |       ||    43
       Dagger            |    10 |    38 |    52 ||   100
       Punch             |       |       |     1 ||     1
 Cast: Sandblast         |    33 |    24 |    22 ||    79
Evoke: Wand              |       |       |     2 ||     2
  Use: Potion            |       |     3 |     2 ||     5
       Scroll            |       |     3 |     2 ||     5
 Stab: Sleeping          |     2 |       |       ||     2
Armor: Robe              |     7 |     4 |     6 ||    17
       Skin              |       |       |     1 ||     1
Dodge: Dodged            |    49 |    22 |    32 ||   103

Levels and vault maps discovered:
D:1:      saegor_arrival_simple_c, layout_basic
D:2:      layout_rooms, serial_shops, shop, shop, nicolae_shop_hallway_stairs,
          nicolae_diamond_shop, nicolae_shop_waterfront, basic_altar,
          basic_ecumenical_altar, uniq_terence
D:3:      layout_rooms, mainiacjoe_overflow_swirl, serial_shops, shop_statue,
          uniq_ijyb, uniq_sigmund, uniq_natasha, uniq_jessica
D:4:      layout_rooms, nicolae_gozag_cash_rules_everything_around_me,
          temple_green, uniq_menkaure, uniq_robin
D:5:      layout_layer_cave, serial_park_tiny_2
D:8:      layout_loops_cross, due_unseen_surprise
Temple:   eino_narrow_crystal_temple

Notes
Turn   | Place    | Note
-------+----------+-------------------------------------------
     0 | D:1      | spaghetti the Formicid Earth Elementalist began the quest
                  | for the Orb.
     0 | D:1      | Reached XP level 1. HP: 13/13 MP: 3/3
     0 | D:1      | magus.rc [v1.9.6]
   323 | D:1      | Reached skill level 1 in Fighting
   380 | D:1      | Reached XP level 2. HP: 21/21 MP: 1/5
   693 | D:1      | Reached skill level 1 in Maces & Flails
   849 | D:1      | Reached XP level 3. HP: 27/27 MP: 3/6
  1137 | D:1      | Reached skill level 2 in Maces & Flails
  1499 | D:2      | Found a faded altar of an unknown god.
  1647 | D:2      | Identified the +9 dagger of Sequestration {flame, rElec rC-
                  | Will+}
  1683 | D:2      | Found Jilom's Jewellery Emporium.
  1689 | D:2      | Found a hide-covered altar of Uskayaw.
  1699 | D:2      | Found Dipeg's General Store.
  1713 | D:2      | Reached skill level 1 in Evocations
  1713 | D:2      | Reached XP level 4. HP: 23/33 MP: 4/7
  1718 | D:2      | Bought a scroll of identify for 28 gold pieces
  1857 | D:2      | Found Eghac's Antique Armour Shop.
  1857 | D:2      | Noticed Terence
  1870 | D:2      | Killed Terence
  2177 | D:2      | Found Tenob's Jewellery Shoppe.
  2189 | D:2      | Reached skill level 2 in Evocations
  2275 | D:2      | Found Revvedac's Assorted Antiques.
  2298 | D:2      | Reached skill level 3 in Maces & Flails
  2298 | D:2      | Reached XP level 5. HP: 38/38 MP: 8/8
  2338 | D:3      | Noticed Ijyb
  2339 | D:3      | Noticed Natasha
  2344 | D:3      | Killed Ijyb
  2530 | D:3      | You pick up a book of Sloth and begin reading...
  2530 | D:3      | You add the spells Metabolic Englaciation and Statue Form
                  | to your library.
  2534 | D:3      | Killed Natasha
  2579 | D:3      | Noticed Natasha
  2594 | D:3      | Noticed Sigmund
  2596 | D:3      | Killed Natasha
  2597 | D:3      | Reached skill level 3 in Evocations
  2597 | D:3      | Reached XP level 6. HP: 12/44 MP: 2/9
  2866 | D:3      | Noticed Natasha
  2872 | D:3      | Killed Natasha
  2982 | D:3      | Found Beosk's Antique Weapon Emporium.
  3250 | D:3      | Killed Sigmund
  3251 | D:3      | Reached skill level 4 in Maces & Flails
  3251 | D:3      | Reached skill level 4 in Evocations
  3251 | D:3      | Reached XP level 7. HP: 36/49 MP: 1/10
  3398 | D:3      | Found a glowing golden altar of the Shining One.
  3409 | D:3      | Noticed Jessica
  3416 | D:3      | Killed Jessica
  3452 | D:3      | Found a sparkling altar of Nemelex Xobeh.
  3476 | D:4      | Noticed Menkaure
  3485 | D:4      | Killed Menkaure
  3486 | D:4      | Reached skill level 5 in Maces & Flails
  3486 | D:4      | Reached skill level 5 in Evocations
  4044 | D:4      | Found a staircase to the Ecumenical Temple.
  4170 | Temple   | Entered the Ecumenical Temple
  4381 | Temple   | Became a worshipper of Cheibriados the Contemplative
  4443 | D:4      | Noticed Robin
  4449 | D:4      | Killed Robin
  4462 | D:4      | Reached XP level 8. HP: 48/56 MP: 9/11
  4536 | D:4      | You pick up a book of Maledictions and begin reading...
  4536 | D:4      | You add the spells Tukima's Dance, Anguish and Enfeeble to
                  | your library.
  4648 | D:4      | Found an opulent altar of Gozag.
  4747 | D:5      | Entered Level 5 of the Dungeon
  4851 | D:5      | You fall into a shaft and drop 3 floors!
  4963 | D:8      | Noticed a two-headed ogre
  4969 | D:8      | Mangled by a two-headed ogre

Vanquished Creatures
  Sigmund (D:3)
  Menkaure (D:4)
  2 phantoms
  A scorpion (D:4)
  Ijyb (D:3)
  Jessica (D:3)
  Terence (D:2)
  Natasha (thrice) (D:3)
  Robin (D:4)
  5 adders
  A worm (D:3)
  5 dart slugs
  2 orcs (D:3)
  2 endoplasms (D:1)
  3 giant cockroaches
  13 goblins
  14 hobgoblins
  2 quokkas
  10 ball pythons
  9 bats
  3 frilled lizards
  9 kobolds
  A rat (D:1)
91 creatures vanquished.

Table legend:
 A = Non-vault XP
 B = Vault XP
 C = Vault XP percentage of total XP
 D = Non-vault monster count
 E = Vault monster count
 F = Vault count percentage of total count
                 A         B        C        D         E       F
            +---------+---------+-------+---------+---------+-------
      Total |     549 |     591 |  51.8 |      72 |      19 |  20.9
            +---------+---------+-------+---------+---------+-------
        D:1 |      46 |       0 |   0.0 |      26 |       0 |   0.0
        D:2 |      65 |      36 |  35.6 |      22 |       1 |   4.3
        D:3 |     120 |     348 |  74.4 |      14 |       4 |  22.2
        D:4 |     201 |     207 |  50.7 |       8 |      14 |  63.6
        D:5 |     117 |       0 |   0.0 |       2 |       0 |   0.0
            +---------+---------+-------+---------+---------+-------

Illustrated notes

Table legend:
 A = Kills in this place as a percentage of kills in entire the game.
 B = Kills by you in this place as a percentage of kills by you in the entire game.
 C = Kills by friends in this place as a percentage of kills by friends in the entire game.
 D = Other kills in this place as a percentage of other kills in the entire game.
 E = Experience gained in this place as a percentage of experience gained in the entire game.
 F = Experience gained in this place divided by the number of levels of this place that you have seen.
                   A       B       C       D       E      F
               +-------+-------+-------+-------+-------+----------------------
         Total | 100.0 | 100.0 |   N/A |   N/A | 100.0 | 162.9
       Dungeon | 100.0 | 100.0 |   N/A |   N/A | 100.0 | 190.0
               +-------+-------+-------+-------+-------+----------------------

Table legend: (Time is in decaauts)
 A = Elapsed time spent in this place.
 B = Non-inter-level travel time spent in this place.
 C = Inter-level travel time spent in this place.
 D = Time resting spent in this place.
 E = Time spent auto-exploring this place.
 F = Levels seen in this place.
 G = Mean time per level.
                   A        B        C        D        E       F      G
               +--------+--------+--------+--------+--------+-----+--------+
         Total |   5114 |   4796 |    318 |    592 |   3518 |   7 |  730.6 |
       Dungeon |   4883 |   4611 |    272 |    592 |   3341 |   6 |  813.8 |
        Temple |    230 |    185 |     45 |      0 |    177 |   1 |  230.0 |
               +--------+--------+--------+--------+--------+-----+--------+

Top non-repeatable levels by time:
     D:1: 1498 daAuts
     D:2: 1106 daAuts
     D:3: 1008 daAuts
     D:4: 989 daAuts
  Temple: 230 daAuts
     D:8: 156 daAuts
     D:5: 125 daAuts
